 Dungeon Sprint DCSS version 0.21.1-1-g345015f (webtiles) character file.

34955 snha the Warrior (level 13, -9/137 HPs)
             Began as a Hill Orc Fighter on June 14, 2018.
             Was the Champion of Makhleb.
             Mangled by Rurab the pandemonium lord (24 damage)
             ... in the Dungeon (Sprint V: "Ziggurat Sprint").
             The game lasted 00:24:35 (1814 turns).

snha the Warrior (Hill Orc Fighter)                 Turns: 1814, Time: 00:24:36

Health: -9/137     AC: 42    Str: 38    XL:     13   Next: 80%
Magic:  0/24       EV: 13    Int: 16    God:    Makhleb [******]
Gold:   0          SH: 19    Dex: 15    Spells: 12/12 levels left

rFire    + + +     SeeInvis +   K - +14 obsidian axe {chop, +Fly SInv *Curse} (curse)
rCold    + . .     Gourm    .   A - +3 shield
rNeg     + . .     Faith    .   P - +8 orange crystal plate armour {Archmagi, Int+3 Clar}
rPois    +         Spirit   +   T - +2 helmet {Int+3}
rElec    +         Reflect  .   (no cloak)
rCorr    +         Harm     .   N - +0 pair of gloves of the Duchess {rElec rPois rN+} (curse)
MR       ++...     Clarity  +   R - +2 pair of boots of the Assassin {Detection Stab+ Stlth++} Stlth ..........NoTele +
                                Y - amulet "Jiagur" {Spirit Fragile MR++ Str+3}
HPRegen  0.32/turn              I - +6 ring of strength
MPRegen  0.19/turn              S - ring of Lischa {rF++ Int+2}

@: mighty, agile, resistant, mesmerised, hasted, studying 2 skills, silenced,
very quick
A: no striking features
a: Renounce Religion, Evoke Flight


You were in the Dungeon.
You worshipped Makhleb.
Makhleb was exalted by your worship.
You were not hungry.

You visited 1 branch

Inventory:

Hand Weapons
 K - the cursed +14 obsidian axe (weapon) {chop, +Fly SInv *Curse}
   (You found it in the Dungeon)

   It inflicts extra damage upon your enemies.
   It lets you see invisible.
   It lets you fly.
   It curses itself when equipped.
   It has a curse placed upon it.
 X - the +6 arbalest "Damnation" {damnation}
   (You took it off a guardian mummy in the Dungeon)
Missiles
 o - 18 javelins
 D - 19 steel javelins (quivered)
Armour
 z - a +3 large shield
 A - a +3 shield (worn)
 C - +5 gold dragon scales
 N - the cursed +0 pair of gloves of the Duchess (worn) {rElec rPois rN+}
   (You found it in the Dungeon)

   It insulates you from electricity.
   It protects you from poison.
   It protects you from negative energy.
   It has a curse placed upon it.
 P - the +8 orange crystal plate armour (worn) {Archmagi, Int+3 Clar}
   (You found it in the Dungeon)

   It affects your intelligence (+3).
   It protects you against confusion.
 R - the +2 pair of boots of the Assassin (worn) {Detection Stab+ Stlth++}
   (You found it in the Dungeon)

   It makes you much more stealthy.
 T - a +2 helmet of intelligence (worn)
Jewellery
 a - the ring "Fecrys" {MR++ MP+9 Int+4}
   (You found it in the Dungeon)

   [ring of magical power]

   It affects your intelligence (+4).
   It affects your resistance to hostile enchantments.
   It affects your magic capacity (+9).
 H - the ring of Mupyxt {rPois rN+ MR+ Str-4}
   (You found it in the Dungeon)

   [ring of protection from magic]

   It affects your strength (-4).
   It protects you from poison.
   It protects you from negative energy.
   It affects your resistance to hostile enchantments.
 I - a +6 ring of strength (left hand)
 Q - the ring "Wosod" {rCorr Dex+3}
   (You found it in the Dungeon)

   [ring of resist corrosion]

   It affects your dexterity (+3).
 S - the ring of Lischa (right hand) {rF++ Int+2}
   (You found it in the Dungeon)

   [ring of intelligence]

   It affects your intelligence (+2).
   It greatly protects you from fire.
 Y - the amulet "Jiagur" (around neck) {Spirit Fragile MR++ Str+3}
   (You found it in the Dungeon)

   [amulet of guardian spirit]

   It causes incoming damage to be split between your health and magic.
   It affects your strength (+3).
   It affects your resistance to hostile enchantments.
   It will be destroyed if unequipped.
Wands
 w - a wand of disintegration (7)
 x - a wand of iceblast (7)
 y - a wand of acid (7)
Scrolls
 b - 4 scrolls of enchant armour
 k - 4 scrolls of blinking
 q - 4 scrolls of amnesia
 r - 4 scrolls of fog
 s - a scroll of holy word
 t - 5 scrolls of identify
 u - 5 scrolls of remove curse
 v - 2 scrolls of fear
 E - 3 scrolls of brand weapon
Potions
 d - 3 potions of might
 e - 10 potions of curing
 g - 7 potions of heal wounds
 h - 5 potions of haste
 i - 7 potions of magic
 j - 2 potions of berserk rage
 l - 2 potions of brilliance
 m - a potion of invisibility
 n - 3 potions of resistance
 p - 2 potions of agility
Books
 V - a manual of Summonings
 W - a manual of Invocations
Miscellaneous
 F - 3 sacks of spiders
 L - a lightning rod (4/4)
 M - a lightning rod (4/4)
 O - 3 phantom mirrors
 U - a lightning rod (4/4)
 Z - 3 boxes of beasts
Comestibles
 f - 6 rations


   Skills:
 + Level 19.3 Fighting
 - Level 18.1 Axes
 + Level 12.7 Throwing
 + Level 18.0 Armour
 - Level 15.3 Shields
 - Level 15.3 Invocations
 + Level 14.1 Evocations


You had 12 spell levels left.
You didn't know any spells.

Dungeon Overview and Level Annotations

Branches:
Dungeon (1/1)

Altars:
Ashenzari
Cheibriados
Dithmenos
Elyvilon
Fedhas
Gozag
Hepliaklqana
Kikubaaqudgha
Makhleb
Nemelex Xobeh
Okawaru
Qazlal
Ru
Sif Muna
Trog
Uskayaw
Vehumet
Wu Jian
Xom
Yredelemnul
Zin
The Shining One
Beogh
Jiyva
Lugonu


Message History

Something smites you!
* * * LOW HITPOINT WARNING * * *
Jekef hits you but does no damage. Space bends around you.
* * * LOW HITPOINT WARNING * * *
Rurab hits you but does no damage. Space bends around you.
* * * LOW HITPOINT WARNING * * *
You block Xilair's attack. Zupeofre hits you but does no damage.
Unknown command.
You slice Siloteph!!
Siloteph is severely wounded.
You slash Zupeofre! You completely miss Jekef. You hit Xilair but do no damage.
You closely miss Rurab.
The shadow demon gestures.
Your soul eater hits Junur but does no damage.
Laeg blinks!
The hellwing swoops through the air toward you!
You block the hellwing's attack.
The hellwing hits you but does no damage.
Rurab hits you!!
You die... {{{{

{{ ▓........
..|:[|[=)}:2"..▓........
......[3=.&....▓........
.......&3..3...▓........
.&...3r&.6.....▓........
.....4&&&663...▓..▓...).
....632&2&J....▓.▓.▓....
....3&&&&......▓..▓.....
.....&&@&b.....▓........
......4..W.....▓......©.
.....3..W......▓▓▓▓▓▓▓▓▓
....&..........▓.....8©8
...............▓...|)[).
.......©.......▓..:)"))}
▓▓▓▓▓▓▓▓▓▓▓▓▓▓▓▓........
▓........


{{{{{{{{{ ▓........ You could see Bezajuc, Fiyphock, Gowirom, Himpa, Hyraanell,
Isaadoph, Jekef, Junur, Laeg, Moax, Mool, Qefeac, Rurab, Siloteph, Wounimi
(invisible), Xilair, Zupeofre, 2 cacodemons, a monstrous corrupter, 2
demonspawn, a monstrous blood saint, 2 soul eaters, a shadow demon, a hellwing,
a sixfirhy, 2 smoke demons, a phantom, a neqoxec, a ynoxinul, a wraith, a red
devil, an ooze, a bat, a rat and a friendly soul eater.

Vanquished Creatures
  A greater mummy (D)
  A shadow dragon (D)
  An emperor scorpion (D)
  2 balrugs (D)
  A ghoul (D)
  2 merfolk javelineers (D)
  A merfolk impaler (D)
  Erolcha (D)
  A merfolk avatar (D)
  2 merfolk aquamancers (D)
  A death scarab (D)
  4 soul eaters (D)
  A skeletal warrior (D)
  A flayed ghost (D)
  A shining eye (D)
  An ugly thing (D)
  A manticore (D)
  2 toenail golems (D)
  2 hellions (D)
  A torpor snail (D)
  A gargoyle (D)
  2 spiny frogs (D)
  An efreet (D)
  A komodo dragon (D)
  A tormentor (D)
  A guardian mummy (D)
  A red devil (D)
  2 hornets (D)
  A polar bear (D)
  2 merfolk (D)
  A hornet (shapeshifter) (D)
  2 snapping turtles (D)
  A slime creature (D)
  A dream sheep (D)
  A blink frog (D)
  Sigmund (D)
  A hippogriff (D)
  A wyvern (D)
  3 flying skulls (D)
  4 yaks (D)
  4 shadows (D)
  An ushabti (D)
  3 tarantellas (D)
  A water elemental (D)
  Edmund (D)
  2 water moccasins (D)
  2 porcupines (D)
  A phantom (D)
  2 eyes of draining (D)
  A necrophage (D)
  2 crocodiles (D)
  Blork the orc (D)
  A bullfrog (D)
  3 earth elementals (D)
  Dowan (D)
  An orc priest (D)
  An iron imp (D)
  Jessica (D)
  An orc wizard (D)
  6 mummies (D)
  A river rat (D)
  A spectral adder (D)
  An adder zombie (D)
  4 adder skeletons (D)
  3 orcs (D)
  A spectral bat (D)
  5 bat skeletons (D)
  4 bat zombies (D)
  A jackal (D)
  2 giant cockroach zombies (D)
  A jackal skeleton (D)
  A leopard gecko skeleton (D)
  2 quokka skeletons (D)
  A spectral giant cockroach (D)
  A spectral jackal (D)
  A spectral leopard gecko (D)
123 creatures vanquished.

Vanquished Creatures (collateral kills)
  2 reapers (D)
  A hydra (D)
  Erica (D)
  A death scarab (D)
  A soul eater (D)
  An orb spider (shapeshifter) (D)
  2 orb spiders (D)
  2 ugly things (D)
  An elephant (D)
  A black mamba (D)
  A toenail golem (D)
  A gargoyle (D)
  2 spiny frogs (D)
  A hellion (D)
  2 guardian mummies (D)
  2 tormentors (D)
  A red devil (D)
  A komodo dragon (D)
  A freezing wraith (D)
  A slime creature (D)
  A blink frog (D)
  A hornet (D)
  2 flying skulls (D)
  2 yaks (D)
  An ushabti (D)
  A wraith (D)
  Eustachio (D)
  A neqoxec (D)
  Duvessa (D)
  A floating eye (D)
  A crocodile (D)
  A bullfrog (D)
  A wight (D)
  Crazy Yiuf (D)
  2 iron imps (D)
  An iguana (D)
  5 mummies (D)
  2 white imps (D)
  A spectral adder (D)
  2 adder zombies (D)
  2 adder skeletons (D)
  A giant cockroach zombie (D)
  A jackal zombie (D)
  A leopard gecko skeleton (D)
  A leopard gecko zombie (D)
  A quokka skeleton (D)
  A quokka zombie (D)
  A spectral giant cockroach (D)
64 creatures vanquished.

Vanquished Creatures (others)
  An acid blob (D)
  2 azure jellies (D)
  8 death oozes (D)
  Sonja (D)
  Psyche (D)
  Prince Ribbit (D)
  Menkaure (D)
  A bat skeleton (D)
  A jackal skeleton (D)
17 creatures vanquished.

Grand Total: 204 creatures vanquished

Notes
Turn   | Place    | Note
-------+----------+-------------------------------------------
     0 | D        | Found the +6 Majin-Bo {vamp, Archmagi MP+6 Int+6}
     0 | D        | Found the +7 great mace "Firestarter" {inner flame, rF++}
     0 | D        | snha the Hill Orc Fighter began the quest for the Orb.
     0 | D        | Reached XP level 1. HP: 19/19 MP: 1/1
     0 | D        | Found a deep blue altar of Sif Muna.
     0 | D        | Found a sacrificial altar of Ru.
     0 | D        | Found a bloodstained altar of Trog.
     0 | D        | Found a stormy altar of Qazlal.
     0 | D        | Found an iron altar of Okawaru.
     0 | D        | Found a sparkling altar of Nemelex Xobeh.
     0 | D        | Found a blossoming altar of Fedhas.
     2 | D        | Found a transporter.
     2 | D        | Found an ancient bone altar of Kikubaaqudgha.
     2 | D        | Found a viscous altar of Jiyva.
     2 | D        | Found a corrupted altar of Lugonu.
     2 | D        | Found a hazy altar of Hepliaklqana.
     2 | D        | Found a burning altar of Makhleb.
     2 | D        | Found an opulent altar of Gozag.
    10 | D        | Reached skill level 10 in Axes
    10 | D        | Reached XP level 2. HP: 26/26 MP: 2/2
    28 | D        | Killed a death ooze
    36 | D        | Killed an acid blob
    48 | D        | Killed a death ooze
    71 | D        | Found the +9 heavy crossbow "Sniper" {velocity, Acc+∞ SInv}
    71 | D        | Found the +10 dark maul {crush}
    71 | D        | Found the +15 Maxwell's patent armour {-Cast -Tele rElec MR+ rCorr}
    71 | D        | Found the +18 shield of the Gong {rElec rN+ MR+ EV-5}
    71 | D        | Found the cursed +14 obsidian axe {chop, +Fly SInv *Curse}
    94 | D        | Found the +6 shillelagh "Devastator" {shatter}
    94 | D        | Found the +11 plutonium sword {*Contam Stlth-}
    94 | D        | Found the +8 lance "Wyrmbane" {slay drac, rPois rF+ rC+ AC+3}
    94 | D        | Found the +9 sword of Zonguldrok {reap}
    94 | D        | Found the cursed +13 scythe of Curses {drain, *Curse}
    94 | D        | Found the +0 sword of Power
    94 | D        | Found the +12 mace of Variability {chaos}
    94 | D        | Found the +7 Singing Sword
    94 | D        | Found the +7 longbow "Piercer" {penet, EV-2}
    96 | D        | Became a worshipper of Makhleb the Destroyer
   105 | D        | Entered arena 2.
   105 | D        | Noticed a yak
   105 | D        | Found a transporter.
   110 | D        | Killed a yak
   110 | D        | Reached XP level 3. HP: 31/31 MP: 3/3
   110 | D        | Reached XP level 4. HP: 39/39 MP: 4/4
   110 | D        | Reached XP level 5. HP: 45/45 MP: 5/5
   154 | D        | Entered arena 3.
   154 | D        | Noticed Sigmund
   154 | D        | Noticed Jessica
   154 | D        | Noticed Blork the orc
   154 | D        | Found a transporter.
   158 | D        | Killed Jessica
   158 | D        | Reached * piety under Makhleb
   164 | D        | Killed Blork the orc
   164 | D        | Reached skill level 15 in Axes
   164 | D        | Reached XP level 6. HP: 45/51 MP: 6/6
   166 | D        | Killed Sigmund
   196 | D        | Entered arena 4.
   196 | D        | Found a transporter.
   197 | D        | Reached ** piety under Makhleb
   206 | D        | Got the cursed +0 pair of gloves of the Duchess {rElec rPois rN+}
   216 | D        | Entered arena 5.
   216 | D        | Noticed a necrophage
   216 | D        | Noticed a phantom
   216 | D        | Found a transporter.
   221 | D        | Reached *** piety under Makhleb
   232 | D        | Killed a necrophage
   232 | D        | Reached skill level 4 in Fighting
   232 | D        | Reached XP level 7. HP: 60/60 MP: 6/8
   245 | D        | Reached skill level 5 in Fighting
   262 | D        | Killed Menkaure
   278 | D        | Entered arena 6.
   278 | D        | Found a transporter.
   280 | D        | Reached **** piety under Makhleb
   284 | D        | Reached skill level 5 in Armour
   297 | D        | Entered arena 7.
   297 | D        | Noticed a shining eye
   297 | D        | Noticed a slime creature
   297 | D        | Noticed a slime creature
   298 | D        | Paralysed by a floating eye for 3 turns
   301 | D        | Found a transporter.
   301 | D        | Reached ***** piety under Makhleb
   301 | D        | Reached skill level 6 in Fighting
   301 | D        | Reached skill level 5 in Invocations
   304 | D        | Killed a slime creature
   304 | D        | Killed a slime creature
   304 | D        | Reached skill level 7 in Fighting
   304 | D        | Reached XP level 8. HP: 73/73 MP: 4/12
   309 | D        | Killed a shining eye
   309 | D        | Reached skill level 8 in Fighting
   358 | D        | Killed a death ooze
   374 | D        | Entered arena 8.
   374 | D        | Noticed a queen bee
   374 | D        | Noticed a red ugly thing
   374 | D        | Noticed an orb spider
   374 | D        | Noticed a cyan ugly thing
   374 | D        | Noticed a white ugly thing
   376 | D        | Noticed a hornet
   376 | D        | a queen bee changed into a hornet
   378 | D        | Found a transporter.
   380 | D        | Killed a hornet
   380 | D        | Reached skill level 9 in Fighting
   381 | D        | Killed a cyan ugly thing
   381 | D        | Reached skill level 10 in Fighting
   381 | D        | Reached skill level 10 in Invocations
   381 | D        | Reached XP level 9. HP: 85/85 MP: 14/16
   381 | D        | Killed a white ugly thing
   381 | D        | Reached skill level 10 in Armour
   383 | D        | Killed an orb spider
   383 | D        | Reached skill level 11 in Fighting
   384 | D        | Killed a white ugly thing
   384 | D        | Reached ****** piety under Makhleb
   393 | D        | Entered arena 9.
   393 | D        | Noticed Crazy Yiuf
   393 | D        | Noticed Dowan
   393 | D        | Noticed Duvessa
   393 | D        | Noticed Edmund
   393 | D        | Noticed Erica
   393 | D        | Noticed Erolcha
   393 | D        | Noticed Eustachio
   394 | D        | Found the +8 orange crystal plate armour {Archmagi, Int+3 Clar}
   394 | D        | Found a transporter.
   396 | D        | Killed Erolcha
   396 | D        | Reached skill level 12 in Fighting
   396 | D        | Reached XP level 10. HP: 99/99 MP: 16/19
   397 | D        | Killed Edmund
   399 | D        | Killed Dowan
   399 | D        | Killed Crazy Yiuf
   399 | D        | Killed Erica
   400 | D        | Killed Duvessa
   402 | D        | Killed Eustachio
   402 | D        | Reached skill level 13 in Fighting
   424 | D        | Entered arena 10.
   424 | D        | Noticed a toenail golem
   424 | D        | Noticed a gargoyle
   424 | D        | Noticed a toenail golem
   424 | D        | Noticed a toenail golem
   424 | D        | Noticed a gargoyle
   425 | D        | Found a transporter.
   428 | D        | Killed a toenail golem
   430 | D        | Killed a gargoyle
   432 | D        | Killed a toenail golem
   433 | D        | Killed a gargoyle
   434 | D        | Killed a toenail golem
   434 | D        | Reached skill level 14 in Fighting
   444 | D        | Got the ring "Wosod" {rCorr Dex+3}
   551 | D        | Killed Psyche
   559 | D        | Entered arena 11.
   560 | D        | Found the +2 pair of boots of the Assassin {Detection Stab+ Stlth++}
   560 | D        | Found a transporter.
   565 | D        | Reached skill level 15 in Invocations
   565 | D        | Reached XP level 11. HP: 111/111 MP: 22/22
   589 | D        | Entered arena 12.
   589 | D        | Noticed an emperor scorpion
   590 | D        | Noticed an orb spider
   590 | D        | Noticed an orb spider
   596 | D        | Reached skill level 5 in Shields
   596 | D        | Reached skill level 15 in Fighting
   597 | D        | Killed an emperor scorpion
   601 | D        | Found a transporter.
   602 | D        | Killed an orb spider
   604 | D        | Killed an orb spider
   616 | D        | Killed an azure jelly
   718 | D        | Entered arena 13.
   718 | D        | Noticed a skeletal warrior
   721 | D        | Found a transporter.
   726 | D        | Killed a skeletal warrior
   736 | D        | Got the amulet of Harmony {RegenMP rPois Str+2 Stlth+}
   740 | D        | Got the ring of Jealousy {Fire MR+}
   742 | D        | Got the amulet "Jiagur" {Spirit Fragile MR++ Str+3}
   831 | D        | Killed a death ooze
   867 | D        | Entered arena 14.
   868 | D        | Noticed a merfolk aquamancer
   868 | D        | Noticed a merfolk javelineer
   869 | D        | Noticed a manticore
   869 | D        | Noticed a merfolk javelineer
   870 | D        | Noticed a merfolk aquamancer
   871 | D        | Noticed a merfolk avatar
   872 | D        | Noticed a merfolk impaler
   874 | D        | Killed a merfolk aquamancer
   874 | D        | Reached skill level 10 in Shields
   879 | D        | Killed a merfolk aquamancer
   884 | D        | Killed a manticore
   891 | D        | Killed a merfolk impaler
   892 | D        | Found a transporter.
   893 | D        | Killed a merfolk javelineer
   893 | D        | Reached XP level 12. HP: 86/122 MP: 23/23
   905 | D        | Killed a merfolk javelineer
   915 | D        | Killed a merfolk avatar
   915 | D        | Reached skill level 15 in Shields
   970 | D        | Killed Sonja
  1085 | D        | Killed a death ooze
  1094 | D        | Entered arena 15.
  1100 | D        | Noticed a death scarab
  1102 | D        | Reached skill level 1 in Evocations
  1103 | D        | Killed a death scarab
  1103 | D        | Reached skill level 1 in Throwing
  1105 | D        | Found a transporter.
  1119 | D        | Entered arena 16.
  1120 | D        | Noticed a reaper
  1121 | D        | Noticed a reaper
  1122 | D        | Reached skill level 16 in Fighting
  1125 | D        | Found a transporter.
  1127 | D        | Killed a reaper
  1127 | D        | Reached skill level 15 in Armour
  1128 | D        | Reached skill level 5 in Evocations
  1131 | D        | Killed a death ooze
  1132 | D        | Killed a reaper
  1132 | D        | Reached skill level 5 in Throwing
  1139 | D        | Got the ring "Fecrys" {MR++ MP+9 Int+4}
  1158 | D        | Got the cursed ring "Goasicenk" {rC++ Str-6}
  1192 | D        | Killed an azure jelly
  1208 | D        | Killed a death ooze
  1272 | D        | Killed a death ooze
  1444 | D        | Got the amulet "Mesue" {Faith rF+ Str+3}
  1457 | D        | Entered arena 17.
  1460 | D        | Noticed a balrug
  1460 | D        | Noticed a balrug
  1472 | D        | Killed a balrug
  1472 | D        | Killed a balrug
  1472 | D        | Reached skill level 17 in Fighting
  1477 | D        | Found a transporter.
  1490 | D        | Got the ring of Mupyxt {rPois rN+ MR+ Str-4}
  1535 | D        | Killed Prince Ribbit
  1593 | D        | Entered arena 18.
  1597 | D        | Noticed a death scarab
  1597 | D        | Noticed a greater mummy
  1601 | D        | Noticed a jiangshi
  1603 | D        | Killed a death scarab
  1603 | D        | Reached skill level 10 in Evocations
  1614 | D        | Reached XP level 13. HP: 88/133 MP: 12/24
  1617 | D        | Killed a greater mummy
  1617 | D        | Reached skill level 18 in Fighting
  1626 | D        | Found a transporter.
  1655 | D        | Got the amulet of Cucin {+Rage rC+ Int+6}
  1674 | D        | Entered arena 19.
  1677 | D        | Noticed a shadow dragon
  1678 | D        | Found the +7 great mace "Undeadhunter" {disrupt, rN+}
  1678 | D        | Noticed a ghoul
  1681 | D        | Found a transporter.
  1695 | D        | Killed a ghoul
  1702 | D        | Killed a shadow dragon
  1737 | D        | Entered arena 20.
  1745 | D        | Found a transporter.
  1749 | D        | Reached skill level 19 in Fighting
  1771 | D        | Got the ring of Lischa {rF++ Int+2}
  1796 | D        | Entered arena 21.
  1800 | D        | Noticed Isaadoph the pandemonium lord
  1800 | D        | Noticed Gowirom the pandemonium lord
  1800 | D        | Noticed a monstrous corrupter
  1801 | D        | Noticed Qefeac the pandemonium lord
  1801 | D        | Noticed Siloteph the pandemonium lord
  1801 | D        | Noticed Jekef the pandemonium lord
  1801 | D        | Noticed Moax the pandemonium lord
  1801 | D        | Noticed Fiyphock the pandemonium lord
  1801 | D        | Noticed Hyraanell the pandemonium lord
  1802 | D        | Noticed Rurab the pandemonium lord
  1802 | D        | Noticed Junur the pandemonium lord
  1802 | D        | Noticed Xilair the pandemonium lord
  1802 | D        | Noticed Mool the pandemonium lord
  1802 | D        | Noticed Bezajuc the pandemonium lord
  1803 | D        | Noticed Zupeofre the pandemonium lord
  1804 | D        | Noticed a cacodemon
  1805 | D        | Noticed Laeg the pandemonium lord
  1805 | D        | Noticed Wounimi the pandemonium lord
  1805 | D        | Noticed a monstrous black sun
  1805 | D        | Noticed a monstrous blood saint
  1807 | D        | Noticed a monstrous black sun
  1810 | D        | Noticed Himpa the pandemonium lord
  1814 | D        | Mangled by Rurab the pandemonium lord

Skill      XL: |  1  2  3  4  5  6  7  8  9 10 11 12 13 |
---------------+----------------------------------------+-----
Axes           | 10 14 15 17 18 | 18.1
Fighting       | 4 7 10 12 14 15 17 19 | 19.3
Armour         | 4 6 9 11 13 14 16 18 | 18.0
Shields        | 4 13 15 | 15.3
Invocations    | 2 6 10 12 15 | 15.3
Evocations     | 10 14 | 14.1
Throwing       | 9 12 | 12.7

Action                   |  1- 3 |  4- 6 |  7- 9 | 10-12 | 13-15 || total
-------------------------+-------+-------+-------+-------+-------++-------
Melee: War axe           |     4 |    27 |     7 |       |       ||    38
       Broad axe         |       |       |    19 |   113 |    52 ||   184
Throw: Javelin           |       |       |       |     1 |       ||     1
Invok: Lesser Servant of |       |       |     2 |       |       ||     2
       Greater Servant o |       |       |       |     8 |     1 ||     9
 Abil: Evoke Flight      |       |       |       |     1 |       ||     1
  Use: Potion            |     2 |     3 |     2 |     2 |     5 ||    14
       Scroll            |       |       |       |     3 |       ||     3
 Stab: Invisible         |       |     4 |       |       |       ||     4
       Distracted        |       |       |     1 |     2 |     2 ||     5
  Eat: Ration            |       |       |       |     1 |       ||     1
       Chunk             |       |       |       |     1 |       ||     1
Armor: Plate armour      |     1 |     8 |     4 |    54 |       ||    67
       Crystal plate arm |       |       |       |    23 |    40 ||    63
Dodge: Dodged            |     1 |    18 |     6 |    28 |     8 ||    61
Block: Buckler           |       |       |     3 |    36 |       ||    39
       Shield            |       |       |       |    44 |    36 ||    80
